 Dungeon Crawl Stone Soup version 0.18.1-2-ga659475 (webtiles) character file.

308 Bubs the Skirmisher (level 6, -12/56 HPs)
             Began as a Hill Orc Fighter on May 8, 2016.
             Mangled by an ogre
             ... wielding a +0 giant club
              (22 damage)
             ... on level 4 of the Dungeon.
             The game lasted 00:06:44 (2664 turns).

Bubs the Skirmisher (Hill Orc Fighter)              Turns: 2664, Time: 00:06:45

Health: -12/56     AC: 10    Str: 21    XL:     6   Next: 40%
Magic:  6/6        EV:  7    Int:  8    God:
Gold:   223        SH:  9    Dex: 10    Spells: 0 memorised, 5 levels left

rFire  . . .     SeeInvis .     a - +0 war axe
rCold  . . .     Gourm    .     b - +0 scale mail
rNeg   . . .     Faith    .     c - +0 shield
rPois  .         Spirit   .     (no helmet)
rElec  .         Dismiss  .     (no cloak)
rCorr  .         Reflect  .     (no gloves)
SustAt .         Harm     .     (no boots)
MR     .....                    (no amulet)
Stlth  ..........               (no ring)
                                p - +3 ring of protection

@: not resistant to hostile enchantments, extremely unstealthy
A: no striking features
a: no special abilities


You were on level 4 of the Dungeon.
You were not hungry.

You visited 1 branch of the dungeon, and saw 4 of its levels.

You collected 223 gold pieces.

Inventory:

Hand Weapons
 a - a +0 war axe (weapon)
Armour
 b - a +0 scale mail (worn)
 c - a +0 shield (worn)
Jewellery
 p - a +3 ring of protection (left hand)
Scrolls
 g - 5 scrolls of identify {unknown}
 i - a scroll of enchant weapon {unknown}
 j - a scroll of blinking {unknown}
 n - 2 scrolls of remove curse {unknown}
 q - 4 scrolls of magic mapping {unknown}
 r - a scroll of teleportation {unknown}
 u - a scroll of fear {unknown}
Potions
 d - a potion of might
 e - a potion of flight {unknown}
 h - a potion of lignification {unknown}
 l - 2 potions of curing {unknown}
 s - a potion of mutation {unknown}
 t - a potion of heal wounds {unknown}
Comestibles
 f - 2 bread rations
 k - 3 meat rations
 m - 14 fruits
 o - a beef jerky


   Skills:
 + Level 5.5 Fighting
 + Level 4.9 Axes
   Level 0.0(2.3) Maces & Flails
 + Level 4.4 Armour
 + Level 4.6 Shields


You had 5 spell levels left.
You didn't know any spells.

Dungeon Overview and Level Annotations

Branches:
Dungeon (4/15)
 Temple: D:4-7

Altars:
Fedhas

Annotations:
D:3 Grinder


Message History

* * * LOW HITPOINT WARNING * * *
You hit the ogre.
The ogre is severely wounded.
The ogre closely misses you.
Your shield prevents you from hitting the ogre.
The ogre is severely wounded.
You block the ogre's attack.
You hit the ogre.
The ogre is almost dead.
The ogre hits you with a giant club.
* * * LOW HITPOINT WARNING * * *
You hit the ogre.
The ogre is almost dead.
You feel sick.
You are no longer poisoned.
The ogre closely misses you.
You barely miss the ogre.
The ogre is almost dead.
The ogre hits you with a giant club!!
You die...

###.....#.
#######.##... ...S
............. ....
.########.#####
...h. ... #.....#
..... .. #####..
.%.... .# #..
#.....###.# #..
#...O@..# #..
##..#††.# #..
##....##### #..
##.......### #..
#..####...#######..
+..# ###^..#......
#.## ###........ #.
##.[..... ..
##.....#


You could see an ogre.

Vanquished Creatures
  A scorpion (D:3)
  A hound (D:4)
  Ijyb (D:3)
  An orc wizard (D:4)
  A worker ant (D:4)
  8 adders
  An ooze (D:3)
  A worm (D:2)
  3 dart slugs
  3 giant geckos
  5 orcs (D:4)
  2 bats
  2 giant cockroaches
  6 hobgoblins
  6 jackals
  2 quokkas
  A ball python (D:4)
  5 giant newts
  5 goblins
  6 kobolds
  14 rats
75 creatures vanquished.

Vanquished Creatures (others)
  2 goblins (D:4)
2 creatures vanquished.

Grand Total: 77 creatures vanquished

Notes
Turn   | Place    | Note
--------------------------------------------------------------
     0 | D:1      | Bubs the Hill Orc Fighter began the quest for the Orb.
     0 | D:1      | Reached XP level 1. HP: 19/19 MP: 1/1
    37 | D:1      | Reached XP level 2. HP: 20/27 MP: 2/2
   389 | D:1      | Reached skill level 4 in Fighting
   685 | D:2      | Reached XP level 3. HP: 33/33 MP: 3/3
  1126 | D:2      | Reached XP level 4. HP: 41/41 MP: 4/4
  1541 | D:3      | Reached XP level 5. HP: 12/47 MP: 5/5
  1560 | D:3      | HP: 2/47 [poisoned by a scorpion]
  1568 | D:3      | HP: 1/47 [poisoned by a scorpion]
  1906 | D:3      | Noticed Ijyb
  1921 | D:3      | Killed Ijyb
  1923 | D:3      | Found a blossoming altar of Fedhas.
  2062 | D:3      | Noticed Grinder
  2099 | D:3      | Reached skill level 5 in Fighting
  2103 | D:3      | Paralysed by Grinder for 7 turns
  2113 | D:3      | Paralysed by Grinder for 3 turns
  2360 | D:4      | Reached XP level 6. HP: 17/56 MP: 6/6
  2664 | D:4      | Mangled by an ogre

Skill      XL: |  1  2  3  4  5 |
---------------+----------------+-----
Axes           | 3 4 |  4.9
Fighting       | 4 5 |  5.5
Armour         | 4 |  4.4
Shields        | 4 |  4.6

Action                   |  1- 3 |  4- 6 || total
-------------------------+-------+-------++-------
Melee: War axe           |   105 |   152 ||   257
  Eat: Chunk             |     1 |     1 ||     2
       Bread ration      |       |     1 ||     1
Armor: Scale mail        |    45 |    68 ||   113
Dodge: Dodged            |    20 |    40 ||    60
Block: Shield            |    50 |    78 ||   128
